 Dungeon Crawl Stone Soup version 0.31.0-32-g396128a36d (webtiles) character file.

Game seed: 16497501784622550445

25 tukaar the Firebug (level 2, 0/15 HPs)
             Began as a Deep Elf Fire Elementalist on Mar 17, 2024.
             Slain by Natasha (7 damage)
             ... on level 2 of the Dungeon.
             The game lasted 00:09:55 (1360 turns).

tukaar the Firebug (Deep Elf Fire Elementalist)     Turns: 1360, Time: 00:10:01

Health: 0/15       AC:  2    Str:  5    XL:     2   Next: 82%
Magic:  6/8        EV: 12    Int: 19    God:
Gold:   104        SH:  0    Dex: 15    Spells: 5/8 levels left

rFire   . . .        (no weapon)
rCold   . . .        (no shield)
rNeg    . . .        a - +0 robe
rPois   .            (no helmet)
rElec   .            (no cloak)
rCorr   .            (no gloves)
SInv    .            (no boots)
Will    .....        (no amulet)
Stlth   ++           (no ring)
HPRegen 0.22/turn    (no ring)
MPRegen 0.11/turn

%: no passive effects
@: slowed, very slow
A: no striking features
a: no special abilities


You were on level 2 of the Dungeon.
You visited 1 branch of the dungeon, and saw 2 of its levels.

You collected 104 gold pieces.

Inventory:

Missiles
 d - 2 poisoned darts (quivered)
Armour
 a - a +0 robe (worn)
Jewellery
 k - a +4 ring of slaying
Scrolls
 c - a scroll of vulnerability {unknown}
 e - a scroll of enchant armour {unknown}
 f - a scroll of identify {unknown}
 h - 2 scrolls of revelation {unknown}
 j - a scroll of teleportation {unknown}
Potions
 b - a potion of magic
 g - 2 potions of might {unknown}
 i - a potion of brilliance {unknown}


   Skills:
 + Level 2.6 Dodging
 + Level 2.5 Stealth
 + Level 3.5 Spellcasting
 + Level 1.1 Conjurations
 + Level 0.3 Summonings
 + Level 4.0 Fire Magic


You had 5 spell levels left.
You knew the following spells:

 Your Spells              Type           Power      Damage    Failure   Level
a - Foxfire               Conj/Fire      52%        2x1d6     4%          1
b - Call Imp              Summ           8%         N/A       19%         2

Your spell library contained the following spells:

 Spells                   Type           Power      Damage    Failure   Level
 Scorch                   Fire           36%        2d6       4%          2
 Inner Flame              Hex/Fire       11%        N/A       19%         3
 Volatile Blastmotes      Fire/Tloc      22%        2d11      19%         3
 Sublimation of Blood     Necr           3%         N/A       22%         2
 Flame Wave               Conj/Fire      13%        2d6       45%         4
 Summon Hydra             Summ           2%         N/A       100%        7


Dungeon Overview and Level Annotations

Branches:
Dungeon (2/15)

Altars:

Shops:
D:1 :[(*:

Annotations:
D:2 Natasha


Message History

You climb downwards.
Found 16 gold pieces.
There is a stone staircase leading up here.
Natasha, Servant of Life and Death comes into view.
Found a stone staircase leading down.
Natasha wildly gestures.
You feel troubled.
Casting: Foxfire (safe; 4% risk of failure)
Confirm with . or Enter, or press ? or * to list all spells.
You conjure some foxfire!
Natasha casts a spell at you. You resist with significant effort.
The foxfire hits Natasha.
Natasha is lightly wounded.
The foxfire hits Natasha.
Natasha is lightly wounded.
Natasha attacks as she pursues you! Natasha claws you. Natasha misses you.
Natasha stares at you and mumbles some strange words.
You feel yourself slow down. Natasha attacks as she pursues you!
Natasha claws you but does no damage.
Casting: Foxfire (safe; 4% risk of failure)
Confirm with . or Enter, or press ? or * to list all spells.
You conjure some foxfire!
Natasha claws you. x2
The foxfire hits Natasha.
Natasha is moderately wounded.
The foxfire hits Natasha.
Natasha is moderately wounded.
Natasha attacks as she pursues you! Natasha claws you. Natasha misses you.
Casting: Foxfire (safe; 4% risk of failure)
Confirm with . or Enter, or press ? or * to list all spells.
You conjure some foxfire!
Natasha mumbles some strange words.
The foxfire hits Natasha.
Natasha is heavily wounded.
The foxfire hits Natasha.
Natasha is severely wounded.
Natasha attacks as she pursues you! Natasha claws you!
You die...
Natasha begins licking her fur clean.

...## #### ##.....##
#...####.......# #
###..............## ..
#.......##........##.##
#........ .............
##....... ##..5........
.>......####<.........#
......$........h@.....#
#######.#####...........
#.# ####...##... #.#
#...# # #.. ....# ###
#####


You could see Natasha and a cerulean imp (summoned).

Vanquished Creatures
  A dart slug (D:1)
  2 ball pythons (D:1)
  A bat (D:1)
  An endoplasm (D:1)
  2 giant cockroaches (D:1)
  3 hobgoblins (D:1)
  2 jackals (D:1)
  A quokka (D:1)
  A frilled lizard (D:1)
  3 kobolds (D:1)
  3 rats (D:1)
20 creatures vanquished.

Vanquished Creatures (collateral kills)
  A hobgoblin (D:1)
1 creature vanquished.

Vanquished Creatures (others)
  50 foxfires
50 creatures vanquished.

Grand Total: 71 creatures vanquished

Notes
Turn   | Place    | Note
-------+----------+-------------------------------------------
     0 | D:1      | tukaar the Deep Elf Fire Elementalist began the quest for
                  | the Orb.
     0 | D:1      | Reached XP level 1. HP: 10/10 MP: 6/6
   248 | D:1      | Reached XP level 2. HP: 15/15 MP: 5/8
   426 | D:1      | Learned a level 2 spell: Call Imp
   538 | D:1      | Found Jynkuc's Antique Armour Emporium.
   853 | D:1      | Found Cinnogoc's Weapon Shop.
   884 | D:1      | Found Gipseus's Book Emporium.
  1022 | D:1      | Reached skill level 4 in Fire Magic
  1062 | D:1      | Found Obytegh's General Store.
  1234 | D:1      | Found Fidweoca's Book Shop.
  1345 | D:2      | Noticed Natasha
  1360 | D:2      | Slain by Natasha

Illustrated notes

Levels and vault maps discovered:
D:1:      shiori_arrival_oz, layout_loops_corners, serial_shops, shop,
          nicolae_shop_trees, shop, nicolae_square_shop, shop,
          chequers_serial_rivers_small_3, minmay_close_crescents
D:2:      layout_loops_ring, serial_shops, nicolae_shop_back_alley_shop,
          uniq_natasha

Skill      XL: |  1  2 |
---------------+-------+-----
Fire Magic     | 4 |  4.0
Dodging        | |  2.6
Stealth        | |  2.5
Spellcasting   | |  3.5
Conjurations   | |  1.1
Summonings     | |  0.3

Action                     || total
---------------------------++-------
  Melee: Unarmed           ||     6
  Throw: Dart              ||     2
   Cast: Foxfire           ||    30
         Call Imp          ||     3
 Armour: Robe              ||    10
  Dodge: Dodged            ||    11
